 Dungeon Crawl Stone Soup version 0.19.1-1-g22dce08 (webtiles) character file.

121 Lennu the Skirmisher (level 5, -2/42 HPs)
             Began as a Formicid Fighter on Jan 4, 2017.
             Slain by Lennu's ghost (9 damage)
             ... on level 3 of the Dungeon.
             The game lasted 00:09:33 (2798 turns).

Lennu the Skirmisher (Formicid Fighter)             Turns: 2798, Time: 00:09:34

Health: -2/42      AC:  7    Str: 21    XL:     5   Next: 26%
Magic:  5/5        EV:  8    Int:  7    God:
Gold:   108        SH:  9    Dex: 11    Spells: 0 memorised, 4 levels left

rFire  . . .     SeeInvis +     a - +0 long sword
rCold  . . .     Gourm    .     b - +0 scale mail
rNeg   . . .     Faith    .     c - +0 shield
rPois  .         Spirit   .     (helmet unavailable)
rElec  .         Reflect  .     (no cloak)
rCorr  .         Harm     .     (no gloves)
MR     .....                    (no boots)
Stlth  ..........               (no amulet)
                                (no ring)
                                (no ring)

@: no status effects
A: permanent stasis, dig shafts and tunnels, four strong arms, antennae 3
a: Dig, Shaft Self


You were on level 3 of the Dungeon.
You were hungry.

You visited 1 branch of the dungeon, and saw 3 of its levels.

You collected 108 gold pieces.

Inventory:

Hand Weapons
 a - a +0 long sword (weapon)
Armour
 b - a +0 scale mail (worn)
 c - a +0 shield (worn)
Scrolls
 h - 3 scrolls of amnesia {unknown}
 i - 3 scrolls of teleportation {unknown}
 j - a scroll of magic mapping {unknown}
 m - 3 scrolls of fog {unknown}
 o - a scroll of fear {unknown}
 q - a scroll of remove curse {unknown}
Potions
 d - a potion of might
 e - a potion of heal wounds
 k - 2 potions of curing {unknown}
 l - a potion of cancellation {unknown}
 n - a potion of degeneration {unknown}
 s - a potion of lignification {unknown}
Comestibles
 f - 4 bread rations
 g - 5 chunks of flesh
 p - 2 meat rations
 r - a fruit


   Skills:
 * Level 4.2 Fighting
 * Level 3.2 Long Blades
 * Level 4.1 Armour
 * Level 0.6 Dodging
 * Level 4.1 Shields


You had 4 spell levels left.
You didn't know any spells.

Dungeon Overview and Level Annotations

Branches:
Dungeon (3/15)

Altars:

Annotations:
D:3 Lennu's ghost, amateur FoFi


Innate Abilities, Weirdness & Mutations

You are under a permanent stasis effect.
You can dig through walls and to a lower floor.
Your four strong arms can wield two-handed weapons with a shield.
You have a pair of large antennae on your head. (SInv)


Message History

You hit Lennu's ghost.
Lennu's ghost is heavily damaged.
You block Lennu's ghost's attack. Lennu's ghost hits you!
You closely miss Lennu's ghost.
Lennu's ghost is heavily damaged.
Lennu's ghost hits you.
You barely miss Lennu's ghost.
Lennu's ghost is heavily damaged.
You block Lennu's ghost's attack.
You slash Lennu's ghost!
Lennu's ghost is severely damaged.
Lennu's ghost hits you!
* * * LOW HITPOINT WARNING * * *
You are too injured to fight recklessly!
You hit Lennu's ghost but do no damage.
Lennu's ghost is severely damaged.
Lennu's ghost hits you.
* * * LOW HITPOINT WARNING * * *
Lennu's ghost hits you!
You die...

....####### #.#
###.#.....# #.#
###.#.....# ##.##
.##.#(....###.#.##
.#..#.....##.###.#
.)........###.#..#
.#.#############.#
.#.# #.....#...#.#
.#.# #.#####.<.#@##
.#.###.#####...#W.##
..........##...#...#
.........###...###.#
....##...#...♣..)).#
.#.###...##.....####
[### ##.####...## .#
#.# ##.## .# #.# #.#


You could see Lennu's ghost.

Vanquished Creatures
  3 adders
  4 worms
  4 dart slugs
  6 orcs (D:3)
  4 giant cockroaches
  8 goblins
  8 hobgoblins
  3 jackals (D:2)
  7 kobolds
  2 quokkas
  5 bats
  3 frilled lizards
  8 rats
65 creatures vanquished.

Notes
Turn   | Place    | Note
-------+----------+-------------------------------------------
     0 | D:1      | Lennu the Formicid Fighter began the quest for the Orb.
     0 | D:1      | Reached XP level 1. HP: 18/18 MP: 1/1
   128 | D:1      | Reached XP level 2. HP: 24/24 MP: 2/2
   630 | D:1      | Reached XP level 3. HP: 29/29 MP: 3/3
  1298 | D:2      | Reached XP level 4. HP: 25/37 MP: 4/4
  2515 | D:3      | Reached XP level 5. HP: 33/42 MP: 5/5
  2775 | D:3      | Noticed Lennu's ghost (amateur FoFi)
  2798 | D:3      | Slain by Lennu's ghost

Skill      XL: |  1  2  3  4 |
---------------+-------------+-----
Shields        | 4 |  4.1
Armour         | 4 |  4.1
Fighting       | 4 |  4.2
Long Blades    | 3 |  3.2
Dodging        | |  0.6

Action                   |  1- 3 |  4- 6 || total
-------------------------+-------+-------++-------
Melee: Long sword        |    90 |   152 ||   242
  Use: Potion            |       |     2 ||     2
  Eat: Chunk             |     1 |     5 ||     6
Armor: Scale mail        |    35 |    57 ||    92
Dodge: Dodged            |    34 |    45 ||    79
Block: Shield            |    43 |    68 ||   111
       Rpst.: Long sword |    12 |    14 ||    26
